 Dungeon Crawl Stone Soup version 0.20.1-1-g8b1a95d (webtiles) character file.

33 darkhara the Firebug (level 3, -7/26 HPs)
             Began as a Demigod Fire Elementalist on Sept 6, 2017.
             Killed by divine providence
             ... invoked by an orc priest
              (15 damage)
             ... on level 3 of the Dungeon.
             The game lasted 00:04:46 (1327 turns).

darkhara the Firebug (Demigod Fire Elementalist)    Turns: 1327, Time: 00:04:47

Health: -7/26      AC:  2    Str: 11    XL:     3   Next: 0%
Magic:  8/8        EV: 13    Int: 21    God:
Gold:   72         SH:  0    Dex: 16    Spells: 3/6 levels left

rFire    . . .     SeeInvis .   d - +0 spear
rCold    . . .     Gourm    .   (no shield)
rNeg     . . .     Faith    .   a - +0 robe
rPois    .         Spirit   .   (no helmet)
rElec    .         Reflect  .   (no cloak)
rCorr    .         Harm     .   (no gloves)
MR       .....                  (no boots)
Stlth    ++........             (no amulet)
Regen    0.1/turn               (no ring)
MPRegen  0.2/turn               (no ring)

@: starving
A: high mp 1
a: no special abilities


You were on level 3 of the Dungeon.
You were starving.

You visited 1 branch of the dungeon, and saw 3 of its levels.

You collected 72 gold pieces.

Inventory:

Hand Weapons
 d - a +0 spear (weapon)
Missiles
 f - 12 poisoned needles
Armour
 a - a +0 robe (worn)
Scrolls
 e - a scroll of enchant armour {unknown}
 h - a scroll of teleportation {unknown}
Potions
 g - 2 potions of flight {unknown}
 i - a potion of magic {unknown}
Books
 b - a book of Flames

   Spells                             Type                      Level
   a - Flame Tongue                   Conjuration/Fire             1
   b - Throw Flame                    Conjuration/Fire             2
   c - Conjure Flame                  Conjuration/Fire             3
   d - Inner Flame                    Hexes/Fire                   3
   e - Sticky Flame                   Conjuration/Fire             4
   f - Fireball                       Conjuration/Fire             5
Comestibles
 c - a bread ration
 j - 2 meat rations


   Skills:
 + Level 0.1 Fighting
 + Level 0.3 Polearms
 + Level 2.0 Dodging
 + Level 1.8 Stealth
 + Level 2.0 Spellcasting
 + Level 0.8 Conjurations
 + Level 3.3 Fire Magic


You had 3 spell levels left.
You knew the following spells:

 Your Spells              Type           Power        Failure   Level  Hunger
a - Flame Tongue          Conj/Fire      ##...        6%          1    #......
b - Throw Flame           Conj/Fire      ##....       10%         2    ##.....


Dungeon Overview and Level Annotations

Branches:
Dungeon (3/15)


Innate Abilities, Weirdness & Mutations

You have an increased reservoir of magic. (+10% MP)


Message History

The orc priest hits you. The orc priest completely misses you.
The orc priest hits you with a dagger. The orc barely misses you.
The orc closely misses you.
You barely miss the orc. The orc priest closely misses you.
The orc priest calls upon Beogh to heal the orc priest.
The orc priest's wounds heal themselves!
The orc hits you but does no damage. The orc hits you with a hand axe.
The orc priest hits you.
You hear a shout!
You closely miss the orc. The orc priest closely misses you.
The orc misses you. x2; The orc priest closely misses you.
The orc priest closely misses you. The orc priest barely misses you.
The orc priest invokes the aid of Beogh against you.
You barely resist. The orc priest hits you.
An orc priest comes into view. It is wielding a mace.
The orc priest moves out of view.
The orc priest invokes the aid of Beogh against you.
Beogh smites you!
Ouch! That really hurt!
You die...

#.######........#
#............#
#..#####..###.#
#..#####..# .#
#......#..###.#.#.
##.###...<........
#.# #####..######
..# #..#
#########@.######
#..>..........
...####o.######
#.####oo####
#....K.K...#
#.####o.#)..#
#...#....
#..##o... #... ...


You could see 2 orc priests, 2 orcs and 2 kobolds.

Vanquished Creatures
  2 giant cockroaches (D:1)
  5 goblins
  3 hobgoblins
  6 jackals (D:1)
  A ball python (D:1)
  3 bats
  3 frilled lizards (D:2)
  3 kobolds (D:1)
  5 rats
31 creatures vanquished.

Notes
Turn   | Place    | Note
-------+----------+-------------------------------------------
     0 | D:1      | darkhara the Demigod Fire Elementalist began the quest for the Orb.
     0 | D:1      | Reached XP level 1. HP: 14/14 MP: 5/5
    30 | D:1      | Reached skill level 3 in Fire Magic
   443 | D:1      | Reached XP level 2. HP: 20/20 MP: 5/7
   457 | D:1      | Learned a level 2 spell: Throw Flame
  1104 | D:2      | Reached XP level 3. HP: 23/26 MP: 8/8
  1327 | D:3      | Killed from afar by an orc priest

Skill      XL: |  1  2 |
---------------+-------+-----
Fire Magic     | 3 |  3.3
Spellcasting   | 2 |  2.0
Dodging        | 2 |  2.0
Fighting       | |  0.1
Polearms       | |  0.3
Stealth        | |  1.8
Conjurations   | |  0.8

Action                   || total
-------------------------++-------
Melee: Spear             ||    57
       Unarmed           ||     3
 Cast: Flame Tongue      ||    11
       Throw Flame       ||    13
Armor: Robe              ||    27
Dodge: Dodged            ||    78
